 Dungeon Crawl Stone Soup version 0.31.0-11-ge490571c62 (webtiles) character file.

Game seed: 17714441706239983079

1182 SmokeWeed the Sneak (level 8, -2/46 HPs)
             Began as a Deep Elf Gladiator on Feb 2, 2024.
             Slain by a sleepcap (6 damage)
             ... on level 6 of the Dungeon.
             The game lasted 00:13:20 (5360 turns).

SmokeWeed the Sneak (Deep Elf Gladiator)            Turns: 5360, Time: 00:13:21

Health: -2/46      AC: 11    Str: 11    XL:     8   Next: 19%
Magic:  0/10       EV:  2    Int: 14    God:
Gold:   197        SH:  0    Dex: 18    Spells: 7/7 levels left

rFire   . . .        a - +0 quarterstaff
rCold   . . .        (shield currently unavailable)
rNeg    . . .        r - +2 scale mail {Will+}
rPois   .            c - +0 helmet
rElec   .            (no cloak)
rCorr   .            (no gloves)
SInv    .            j - +1 pair of boots
Will    +....        f - amulet of guardian spirit
Stlth   ++           (no ring)
HPRegen 0.27/turn    (no ring)
MPRegen 0.12/turn

%: guardian spirit
@: sleeping
A: no striking features
a: no special abilities


You were on level 6 of the Dungeon.
You visited 1 branch of the dungeon, and saw 7 of its levels.

You collected 197 gold pieces.

Inventory:

Hand Weapons
 a - a +0 quarterstaff (weapon)
 n - a +0 shortbow
 q - a +0 whip of electrocution
Missiles
 e - 5 javelins
 g - 2 poisoned darts (quivered)
Armour
 c - a +0 helmet (worn)
 j - a +1 pair of boots (worn)
 r - a +2 scale mail of willpower (worn)
Jewellery
 f - an amulet of guardian spirit (around neck)
Talismans
 o - a maw talisman
Wands
 l - a wand of digging (2)
Scrolls
 d - a scroll of fear
 s - a scroll of teleportation
Potions
 b - a potion of mutation
 h - 3 potions of lignification
 i - a potion of magic
 k - a potion of might
 m - 4 potions of curing
 p - a potion of degeneration {unknown}
 t - 2 potions of attraction
 u - a potion of invisibility {unknown}


   Skills:
 + Level 3.1 Fighting
 - Level 4.1 Staves
 - Level 6.0 Ranged Weapons
 - Level 2.3 Throwing
 + Level 2.3 Armour
 + Level 5.0 Dodging
 - Level 7.1 Stealth


You had 7 spell levels left.
You didn't know any spells.
Your spell library contained the following spells:

 Spells                   Type           Power      Damage    Failure   Level
 Volatile Blastmotes      Fire/Tloc      0%         2d10      99%         3
 Fulminant Prism          Conj/Alch      0%         3d5       100%        4
 Iskenderun's Mystic Bla  Conj/Tloc      0%         2d3       100%        4


Dungeon Overview and Level Annotations

Branches:
Dungeon (7/15)
 Temple: D:4-7

Altars:
Kikubaaqudgha


Message History

You hit the sleepcap but do no damage.
The sleepcap is lightly damaged.
The sleepcap releases spores at you but does no damage.
You hit the sleepcap.
The sleepcap is lightly damaged.
The sleepcap misses you.
You hit the sleepcap.
The sleepcap is moderately damaged.
The sleepcap releases spores at you but does no damage.
You sock the sleepcap!
The sleepcap is heavily damaged.
The sleepcap releases spores at you!
You are engulfed in a cloud of soporific spores!
You fall asleep.
The sleepcap releases spores at you!
You wake up.
* * * LOW HITPOINT WARNING * * *
You are engulfed in a cloud of soporific spores!
You are unaffected.
You hit the sleepcap.
The sleepcap is severely damaged.
The sleepcap closely misses you.
You hit the sleepcap but do no damage.
The sleepcap is severely damaged.
The sleepcap releases spores at you but does no damage.
You hit the sleepcap but do no damage.
The sleepcap is severely damaged.
The sleepcap releases spores at you but does no damage.
Unknown command.
You thump the sleepcap!
The sleepcap is almost destroyed.
The sleepcap releases spores at you but does no damage.
Unknown command.
You completely miss the sleepcap.
The sleepcap is almost destroyed.
The sleepcap releases spores at you.
* * * LOW HITPOINT WARNING * * *
You are engulfed in a cloud of soporific spores!
You fall asleep.
The sleepcap releases spores at you!
You die...

..#....###........##........##
##
.......###........########..#
#.#.#....###.###### #...##
.......#.###.# ###.###
..(#####.....## ##...# ##.#
#####..#######..### ...#
#....#)....##
.###########.##).(#####
..............)f@)#
.............######
.............# .............#
#............# #.....########
#.....# ##.#### #.#


You could see a sleepcap.

Vanquished Creatures
  A wyvern (D:5)
  An ogre (D:6)
  2 bullfrogs (D:6)
  2 scorpions (D:6)
  A bombardier beetle (D:4)
  3 orc priests
  A gnoll bouda (D:7)
  3 jellies
  3 hounds
  2 iguanas
  2 orc wizards (D:5)
  2 sleepcaps
  3 gnolls (D:6)
  6 adders
  3 white imps (D:5)
  2 ufetubi (D:6)
  2 dart slugs (D:3)
  4 ribbon worms
  22 orcs
  A ball python (D:1)
  8 bats
  7 endoplasms
  2 giant cockroaches
  6 goblins
  2 hobgoblins
  5 kobolds
  6 frilled lizards
  4 rats
106 creatures vanquished.

Notes
Turn   | Place    | Note
-------+----------+-------------------------------------------
     0 | D:1      | SmokeWeed the Deep Elf Gladiator began the quest for the
                  | Orb.
     0 | D:1      | Reached XP level 1. HP: 12/12 MP: 3/3
   180 | D:1      | Reached XP level 2. HP: 12/16 MP: 4/4
   901 | D:2      | Reached XP level 3. HP: 13/21 MP: 5/5
  1145 | D:2      | Found a faded altar of an unknown god.
  1425 | D:3      | Reached XP level 4. HP: 26/26 MP: 6/6
  2431 | D:4      | Reached skill level 1 in Armour
  2431 | D:4      | Reached XP level 5. HP: 30/30 MP: 7/7
  2623 | D:4      | Reached skill level 2 in Stealth
  2778 | D:5      | Entered Level 5 of the Dungeon
  2849 | D:5      | Reached skill level 3 in Stealth
  2968 | D:5      | Reached skill level 4 in Stealth
  3100 | D:5      | Reached XP level 6. HP: 35/35 MP: 8/8
  3275 | D:5      | Reached skill level 5 in Stealth
  3640 | D:5      | Noticed a wyvern
  3655 | D:5      | Killed a wyvern
  3656 | D:5      | Reached skill level 7 in Stealth
  3656 | D:5      | Reached XP level 7. HP: 19/40 MP: 4/9
  3742 | D:5      | HP: 1/40 [electric eel/bolt of electricity (13)]
  4188 | D:6      | Reached skill level 5 in Ranged Weapons
  4699 | D:6      | Reached XP level 8. HP: 39/45 MP: 7/10
  4877 | D:6      | Found an ancient bone altar of Kikubaaqudgha.
  5060 | D:6      | Reached skill level 5 in Dodging
  5360 | D:6      | Slain by a sleepcap

Illustrated notes

Levels and vault maps discovered:
D:1:      onia_arrival_pyramid, layout_loops_corners
D:2:      layout_rooms, shapermc_ecumenical_altar_flowoftime
D:3:      layout_basic, hangedman_glass_teeth
D:4:      layout_rooms, minmay_misc_feat_chi, serial_bayou_pond_e,
          kennysheep_minor_cross
D:5:      cheibrodos_two_vegetables, layout_cave_pools,
          kennysheep_cross_bottleneck
D:6:      layout_basic, lemuel_coloured_pillars_altar
D:7:      hangedman_cross_stitches, layout_cave_pools,
          minmay_temple_entry_stoned_glass, ebering_ghost_disaster_area,
          enter_ossuary_3

Skill      XL: |  1  2  3  4  5  6  7  8 |
---------------+-------------------------+-----
Dodging        | 4 5 |  5.0
Staves         | 4 |  4.1
Fighting       | 2 3 |  3.1
Armour         | 1 2 |  2.3
Stealth        | 4 7 |  7.1
Ranged Weapons | 6 |  6.0
Throwing       | |  2.3

Action                     |  1- 3 |  4- 6 |  7- 9 || total
---------------------------+-------+-------+-------++-------
  Melee: Quarterstaff      |   140 |   173 |    97 ||   410
   Fire: Shortbow          |       |       |    67 ||    67
  Throw: Throwing net      |       |     8 |       ||     8
         Dart              |       |       |     3 ||     3
    Use: Scroll            |     4 |    11 |     1 ||    16
         Potion            |       |     2 |       ||     2
   Stab: Sleeping          |     1 |       |     3 ||     4
         Held in net/web   |       |     3 |       ||     3
 Armour: Leather armour    |    26 |       |       ||    26
         Chain mail        |    35 |    39 |       ||    74
         Scale mail        |       |    95 |   182 ||   277
  Dodge: Dodged            |    52 |    68 |    98 ||   218
